 Dungeon Crawl Stone Soup version 0.28-a0-105-g49a0850c41 (webtiles) character file.

Game seed: 12074552262815842169

94 CowFu the Cudgeller (level 4, -1/28 HPs)
             Began as a Gargoyle Fighter on Aug 12, 2021.
             Slain by a water moccasin (8 damage)
             ... on level 3 of the Dungeon.
             The game lasted 00:01:34 (2382 turns).

CowFu the Cudgeller (Gargoyle Fighter)              Turns: 2382, Time: 00:01:34

Health: -1/28      AC: 10    Str: 20    XL:     4   Next: 63%
Magic:  4/4        EV:  7    Int:  9    God:
Gold:   71         SH:  9    Dex:  9    Spells: 3/3 levels left

rFire   . . .      SeeInvis .   a - +0 flail
rCold   . . .      Faith    .   c - +0 kite shield
rNeg    + . .      Spirit   .   b - +0 scale mail
rPois   ∞          Reflect  .   (no helmet)
rElec   +          Harm     .   (no cloak)
rCorr   .          Rampage  .   (no gloves)
Will    .....                   (no boots)
Stlth   ..........              (no amulet)
HPRegen 0.09/turn               (no ring)
MPRegen 0.09/turn               (no ring)

@: mighty
A: sickness immunity, AC +3, negative energy resistance 1, electricity
resistance, torment resistance 1, petrification resistance
a: no special abilities


You were on level 3 of the Dungeon.
You visited 1 branch of the dungeon, and saw 3 of its levels.

You collected 120 gold pieces.
You spent 49 gold pieces at shops.

Inventory:

Hand Weapons
 a - a +0 flail (weapon)
Armour
 b - a +0 scale mail (worn)
 c - a +0 kite shield (worn)
Jewellery
 l - a ring of flight
Scrolls
 e - 3 scrolls of identify {unknown}
 f - a scroll of vulnerability {unknown}
 i - 2 scrolls of teleportation {unknown}
 m - a scroll of enchant armour {unknown}
 n - a scroll of magic mapping
 o - a scroll of torment {unknown}
 p - 2 scrolls of noise {unknown}
 r - a scroll of blinking {unknown}
 s - a scroll of summoning {unknown}
Potions
 g - a potion of berserk rage {unknown}
 h - a potion of lignification {unknown}
 j - a potion of flight {unknown}
 k - a potion of heal wounds {unknown}
 q - a potion of resistance {unknown}
 t - a potion of curing {unknown}
 u - a potion of attraction {unknown}


   Skills:
 - Level 3.2 Fighting
 + Level 4.7 Maces & Flails
 - Level 3.2 Armour
 - Level 3.2 Shields


You had 3 spell levels left.
You didn't know any spells.
Your spell library contained the following spells:

 Spells                   Type           Power      Damage    Failure   Level
 Ozocubu's Armour         Ice            0%         N/A       100%        3
 Metabolic Englaciation   Hex/Ice        0%         N/A       100%        5
 Simulacrum               Ice/Necr       0%         N/A       100%        6


Dungeon Overview and Level Annotations

Branches:
Dungeon (3/15)

Altars:
Dithmenos

Shops:
D:1 ?


Innate Abilities, Weirdness & Mutations

You are immune to sickness and miasma.
Your stone body is resilient. (AC +3)
You are immune to poison.
You resist negative energy. (rN+)
You are resistant to electric shocks. (rElec)
You are resistant to unholy torment.
You are immune to petrification.


Message History

You miss the water moccasin.
The water moccasin is lightly wounded.
The water moccasin bites you. You block the water moccasin's attack.
You are too injured to fight recklessly!
You are too injured to fight recklessly!
You are too injured to fight recklessly!
You are too injured to fight recklessly!
You are too injured to fight recklessly!
You are too injured to fight recklessly!
You are too injured to fight recklessly!
You are too injured to fight recklessly!
You are too injured to fight recklessly!
You are too injured to fight recklessly!
You are too injured to fight recklessly!
You are too injured to fight recklessly!
You are too injured to fight recklessly!
You are too injured to fight recklessly!
You are too injured to fight recklessly!
You hit the water moccasin.
The water moccasin is lightly wounded.
You block the water moccasin's attack. x2
You hit the water moccasin.
The water moccasin is moderately wounded.
The water moccasin barely misses you. The water moccasin bites you.
* * * LOW HITPOINT WARNING * * *
You thump the water moccasin!
The water moccasin is severely wounded.
The water moccasin bites you but does no damage. x2
You feel very mighty all of a sudden. The water moccasin closely misses you.
You miss the water moccasin.
The water moccasin is severely wounded.
You block the water moccasin's attack. x2
Your shield and scale mail prevent you from hitting the water moccasin.
The water moccasin is severely wounded.
You block the water moccasin's attack. The water moccasin barely misses you.
You sock the water moccasin!
The water moccasin is almost dead.
The water moccasin barely misses you. The water moccasin bites you!
You die...

#....#.##.........# ##
##...#.######.#.#.#
#...#.# #.#.#.####
#.....# #.#.......
#...########.###.....
###............##.....
#.(..####..##.........
##..####..###.##..(..
#..S@......##.#######
#......#...##.#
#......#.#...##.#
###...........÷.#
....###.###.#### ###..
..# #.# ##. ### #.# ..
#.#### #....#


You could see a water moccasin.

Vanquished Creatures
  Jessica (D:2)
  An adder (D:3)
  A worm (D:3)
  A dart slug (D:1)
  5 orcs (D:3)
  2 ball pythons
  3 bats
  3 endoplasms
  3 giant cockroaches
  5 goblins
  2 hobgoblins
  9 jackals
  2 quokkas
  3 frilled lizards
  A kobold (D:2)
42 creatures vanquished.

Notes
Turn   | Place    | Note
-------+----------+-------------------------------------------
     0 | D:1      | CowFu the Gargoyle Fighter began the quest for the Orb.
     0 | D:1      | Reached XP level 1. HP: 14/14 MP: 1/1
   301 | D:1      | You fall into a shaft and drop 1 floor!
   360 | D:2      | Noticed Jessica
   361 | D:2      | Reached XP level 2. HP: 19/19 MP: 2/2
   370 | D:2      | Killed Jessica
   371 | D:2      | Reached skill level 3 in Maces & Flails
   371 | D:2      | Reached XP level 3. HP: 12/23 MP: 3/3
  1351 | D:1      | Found Nang's Magic Scroll Boutique.
  1360 | D:1      | Bought a scroll of magic mapping for 49 gold pieces
  1503 | D:1      | Reached skill level 4 in Maces & Flails
  1930 | D:3      | Reached XP level 4. HP: 28/28 MP: 4/4
  2172 | D:3      | Found a faded altar of an unknown god.
  2230 | D:3      | Found a shadowy altar of Dithmenos.
  2363 | D:3      | Noticed a water moccasin
  2382 | D:3      | Slain by a water moccasin

Illustrated notes

Levels and vault maps discovered:
D:1:      minmay_arrival_plants_in_alcoves, layout_basic, serial_shops,
          nicolae_shop_statue_plus
D:2:      mumra_celtic_spiral_tile, layout_basic, uniq_jessica
D:3:      minmay_bubble_buster, layout_loops_cross, lemuel_doored_altar,
          ebering_ecumenical_altar_petrified, uniq_sigmund

Skill      XL: |  1  2  3 |
---------------+----------+-----
Maces & Flails | 3 4 |  4.7
Fighting       | |  3.2
Armour         | |  3.2
Shields        | |  3.2

Action                   |  1- 3 |  4- 6 || total
-------------------------+-------+-------++-------
Melee: Flail             |   109 |    66 ||   175
  Use: Potion            |       |     1 ||     1
Armor: Scale mail        |    70 |    40 ||   110
Dodge: Dodged            |    41 |    23 ||    64
Block: Kite shield       |    71 |    38 ||   109

Table legend: (Time is in decaauts)
 A = Elapsed time spent in this place.
 B = Non-inter-level travel time spent in this place.
 C = Inter-level travel time spent in this place.
 D = Time resting spent in this place.
 E = Time spent auto-exploring this place.
 F = Levels seen in this place.
 G = Mean time per level.
                   A        B        C        D        E       F      G
               +--------+--------+--------+--------+--------+-----+--------+
         Total |   2460 |   2405 |     55 |      0 |   2039 |   3 |  820.0 |
       Dungeon |   2460 |   2405 |     55 |      0 |   2039 |   3 |  820.0 |
               +--------+--------+--------+--------+--------+-----+--------+

Top non-repeatable levels by time:
     D:2: 1045 daAuts
     D:1: 930 daAuts
     D:3: 484 daAuts
